 Dungeon Crawl Stone Soup version 0.31.0-11-ge490571c62 (webtiles) character file.

Game seed: 14713010854420081890

79 cmoyniez the Trooper (level 4, -2/37 HPs)
             Began as a Mummy Chaos Knight on Jan 31, 2024.
             Was a Plaything of Xom.
             Slain by a gnoll
             ... wielding a +0 halberd
              (5 damage)
             ... on level 2 of the Dungeon.
             The game lasted 00:55:26 (1033 turns).

cmoyniez the Trooper (Mummy Chaos Knight)           Turns: 1033, Time: 00:55:27

Health: -2/37      AC:  9    Str: 15    XL:     4   Next: 16%
Magic:  4/4        EV:  9    Int: 13    God:    Xom [.*....]
Gold:   54         SH:  0    Dex: 11    Spells: 3/3 levels left

rFire   x . .        r - +0 war axe
rCold   + + .        (no shield)
rNeg    + + +        d - +2 scale mail {rC+}
rPois   ∞            (no helmet)
rElec   .            (no cloak)
rCorr   .            e - +0 pair of gloves
SInv    .            (no boots)
Will    .....        (no amulet) Stlth
                     (no ring)
HPRegen 0.26/turn    (no ring)
MPRegen 0.09/turn

%: faith
@: no status effects
A: cold resistance 1, negative energy resistance 3, torment resistance 2, heat
vulnerability 1, in touch with death 1, no potions, faith
a: Renounce Religion


You were on level 2 of the Dungeon.
You worshipped Xom.
You were a plaything of Xom.
You visited 1 branch of the dungeon, and saw 2 of its levels.

You collected 54 gold pieces.

Inventory:

Hand Weapons
 a - a +2 mace of chaos
 f - a +0 club
 i - a +0 hand axe
 k - a +0 dagger
 l - a +0 short sword
 m - a +0 spear
 o - a +0 whip
 r - a +0 war axe (weapon)
Missiles
 t - a stone
Armour
 b - a +2 leather armour
 d - a +2 scale mail of cold resistance (worn)
 e - a +0 pair of gloves (worn)
 g - a +0 robe
 n - a +0 chain mail
Scrolls
 c - a scroll of butterflies
 j - a scroll of torment {unknown}
 p - a scroll of fear
 s - a scroll of blinking {unknown}
Potions
 h - 2 potions of curing (quivered)
 q - a potion of brilliance {unknown}
 u - a potion of lignification {unknown}


   Skills:
 + Level 3.9 Fighting
 + Level 0.7(1.9) Axes
 + Level 2.8(2.9) Maces & Flails
 + Level 1.3 Throwing
 + Level 1.7 Armour
 + Level 0.8 Dodging


You had 3 spell levels left.
You didn't know any spells.
Your spell library was empty.

Dungeon Overview and Level Annotations

Branches:
Dungeon (2/15)

Altars:


Innate Abilities, Weirdness & Mutations

You are immune to poison.
Your flesh is cold resistant. (rC+)
You are immune to negative energy. (rN+++)
You are immune to unholy pain and torment.
You are vulnerable to heat. (rF-)
You are in touch with the powers of death.
You do not drink.
You have a special connection with the divine. (Faith)


Message History

The ball python bites you but does no damage.
The ball python constricts you. The gnoll hits you but does no damage.
The ball python bites you but does no damage.
The ball python constricts you.
You closely miss the ball python. The gnoll hits you but does no damage.
The ball python barely misses you. The ball python constricts you.
* * * LOW HITPOINT WARNING * * *
The gnoll barely misses you.
You slash the ball python!
You kill the ball python!
The gnoll closely misses you.
You barely miss the quokka.
Your butterfly disappears in a puff of smoke!
A ball python comes into view.
The quokka bites you but does no damage.
The gnoll hits you but does no damage. The quokka closely misses you.
You hit the quokka.
The quokka is heavily wounded.
The gnoll misses you. The quokka misses you.
The gnoll hits you from afar with a +0 halberd.
* * * LOW HITPOINT WARNING * * *
The quokka closely misses you.
You hit the quokka.
You kill the quokka!
The gnoll barely misses you. The gnoll hits you with a +0 halberd.
* * * LOW HITPOINT WARNING * * *
The ball python bites you but does no damage.
The ball python grabs you. The ball python constricts you.
Items here: ) †††.
You closely miss the gnoll.
The gnoll is severely wounded.
You hit the ball python.
You kill the ball python!
The gnoll closely misses you. x2
You hit the gnoll but do no damage.
The gnoll is severely wounded.
Your butterfly disappears in a puff of smoke! x2
The gnoll hits you with a +0 halberd.
You die...

##.#.....# .>...
####..#####.####.....
...#.## ###.#.......
...#.####...........
........>......#...
.##.#####.....##
....##....##...#
..###..### #..§####
#.###.# #..b.@g#
#.....# #§...#(#
##...## ###..#.>.
...#.#
########.##..(.
.###..##......#..
#..#(# .#
#.........#..# ..# .
## ##....<..#..# .# #
#...<...##.. .#
#######.......#


You could see a gnoll (ally target).

Vanquished Creatures
  2 gnolls (D:2)
  2 adders (D:2)
  6 ball pythons
  4 endoplasms
  5 goblins
  5 hobgoblins
  3 quokkas
  3 bats
  2 frilled lizards
  3 kobolds (D:1)
  5 rats
40 creatures vanquished.

Notes
Turn   | Place    | Note
-------+----------+-------------------------------------------
     0 | D:1      | cmoyniez the Mummy Chaos Knight began the quest for the
                  | Orb.
     0 | D:1      | Reached XP level 1. HP: 18/18 MP: 1/1
   105 | D:1      | Found a faded altar of an unknown god.
   177 | D:1      | XOM: silly message
   239 | D:1      | Reached XP level 2. HP: 24/24 MP: 2/2
   271 | D:1      | XOM: silly message
   305 | D:1      | XOM: cloud trail
   349 | D:1      | XOM: divination: detect creatures
   775 | D:2      | Reached XP level 3. HP: 30/30 MP: 3/3
   883 | D:2      | XOM: silly message
   898 | D:2      | Reached skill level 1 in Throwing
  1010 | D:2      | XOM: confuse monster(s)
  1020 | D:2      | XOM: butterfly on damage
  1024 | D:2      | Reached XP level 4. HP: 9/37 MP: 4/4
  1033 | D:2      | Slain by a gnoll

Illustrated notes

Levels and vault maps discovered:
D:1:      matt_arrival_diagonals, layout_basic,
          hellmonk_ecumenical_altar_crossroads
D:2:      layout_rooms, minmay_circle_x

Skill      XL: |  1  2  3 |
---------------+----------+-----
Throwing       | 1 |  1.3
Fighting       | |  3.9
Axes           | |  0.7
Maces & Flails | |  2.8
Armour         | |  1.7
Dodging        | |  0.8

Action                     |  1- 3 |  4- 6 || total
---------------------------+-------+-------++-------
  Melee: Mace              |    21 |       ||    21
         War axe           |    33 |     9 ||    42
  Throw: Javelin           |    37 |       ||    37
         Stone             |     5 |       ||     5
    Use: Scroll            |     6 |       ||     6
 Armour: Scale mail        |    58 |    10 ||    68
  Dodge: Dodged            |    42 |    13 ||    55
